Map: Acid Plant LE

Players

AngusBrock - Winner!

  • Race: Terran Terran
  • League: Silver
  • Spawn Location: 5:00

firefly

  • Race: Zerg Zerg
  • League: Gold
  • Spawn Location: 11:00

VOD

Have the link to the VOD?

Description

Time

  • Played on: Nov. 9, 2018, 4:42 a.m.
  • Length: 12:49
Show
View Real Time Build Order
Export as new Build Order

AngusBrock Terran - Winner!

Build Orders: Reaper Expand 

Get SALT Encoding   

  12  0:00  SCV  
  13  0:13  SCV  
  14  0:18  Supply Depot  
  14  0:27  SCV  
  15  0:40  SCV  
  15  0:42  Barracks  
  16  0:45  Refinery  
  16  0:52  SCV  
  17  1:04  SCV  
  18  1:16  SCV  
  19  1:30  Reaper  
  19  1:31  Orbital Command  
  20  1:48  Command Center  
  20  1:59  Barracks  
  20  2:02  Barracks Reactor  
  20  2:07  SCV  
  21  2:16  Supply Depot  
  21  2:19  Refinery  
  21  2:21  SCV  
  22  2:33  SCV  
  22  2:35  Factory  
  23  2:42  Marine  
  24  2:45  SCV  
  24  2:48  Marine  
  24  2:51  Barracks Tech Lab  
  26  2:57  SCV  
  27  3:06  Orbital Command  
  27  3:11  SCV  
  28  3:14  Marine x3  
  31  3:20  Stimpack  
  31  3:23  SCV  
  32  3:27  Starport  
  32  3:30  Factory Reactor  
  32  3:32  SCV  
  33  3:36  SCV  
  33  3:37  Marine  
  35  3:44  Supply Depot  
  35  3:45  SCV  
  35  3:47  Marine  
  37  3:49  Marine  
  38  4:01  Marine, SCV x2  
  41  4:04  Marine  
  42  4:13  SCV  
  43  4:18  Supply Depot  
  43  4:19  Supply Depot  
  43  4:22  SCV  
  43  4:24  Engineering Bay  
  44  4:25  Marine x2, SCV  
  44  4:26  Engineering Bay  
  44  4:31  Medivac  
  49  4:34  Medivac  
  49  4:36  Marine  
  52  4:39  Factory Tech Lab  
  52  4:48  SCV  
  52  4:49  SCV  
  54  4:52  Marine  
  54  4:53  Marine x2  
  57  5:00  Supply Depot, SCV  
  57  5:01  SCV  
  57  5:02  Supply Depot  
  58  5:20  Combat Shield  
  58  5:22  SCV x2  
  58  5:23  Marine x3  
  58  5:24  Siege Tank  
  66  5:31  Supply Depot x2  
  66  5:34  SCV  
  67  5:40  Marine  
  67  5:41  Marine, Refinery, Marauder  
  71  5:43  Refinery  
  71  5:45  Terran Infantry Weapons Level 1  
  71  5:56  Barracks, Siege Tank  
  74  5:57  Barracks, Terran Infantry Armor Level 1  
  74  5:59  SCV x2  
  74  6:01  Barracks, Marine  
  74  6:02  Marine  
  78  6:11  SCV  
  70  6:28  Marine x2  
  70  6:29  Marine  
  70  6:30  Siege Tank  
  76  6:40  SCV x2  
  76  6:43  Concussive Shells  
  76  6:46  Barracks Tech Lab, Barracks Reactor, Marine  
  79  6:47  Command Center, Marauder  
  79  6:50  Marine x2  
  84  7:01  SCV x2  
  84  7:03  Medivac  
  84  7:04  Marine  
  84  7:08  Marine, Marauder  
  91  7:10  Marauder  
  91  7:13  Barracks Reactor, SCV x2  
  95  7:22  Marine  
  96  7:24  Armory  
  98  7:30  Marauder  
  98  7:31  SCV x2  
  98  7:32  Marine x2  
  102  7:48  Bunker  
  102  7:58  Marine x5  
  102  7:59  Marauder x2, SCV  
  102  8:01  Bunker  
  102  8:02  Bunker  
  112  8:11  Planetary Fortress  
  112  8:12  Marine  
  112  8:13  Siege Tank  
  112  8:16  Marine  
  117  8:22  Refinery  
  117  8:23  Refinery  
  117  8:28  Marauder x2, SCV x2  
  117  8:32  Supply Depot  
  117  8:33  Supply Depot  
  123  8:34  Supply Depot  
  123  8:40  SCV  
  124  8:43  Marine x2, SCV  
  124  8:44  Marine x4  
  124  8:46  Medivac  
  133  8:53  SCV  
  133  8:54  Marauder x2  
  138  8:58  Supply Depot x2  
  138  8:59  Supply Depot, Siege Tank  
  138  9:01  Marine x2  
  138  9:02  Supply Depot  
  143  9:06  SCV x3  
  143  9:07  Marine x3  
  149  9:12  Terran Infantry Weapons Level 2  
  149  9:15  Marauder  
  151  9:18  SCV  
  151  9:19  Terran Infantry Armor Level 2  
  151  9:23  Marine x4  
  156  9:44  Marine x2, SCV x3  
  156  9:45  Marine x5, Marauder  
  166  9:47  Siege Tank, Medivac  
  173  9:55  Medivac  
  175  10:02  Marine x2  
  175  10:04  Marauder  
  175  10:06  Marauder  
  181  10:08  Marine x2  
  181  10:09  Marine  
  184  10:25  Marauder  
  184  10:28  Marauder  
  188  10:34  SCV  
  188  10:35  Marine x2, SCV x2  
  174  10:36  Marine  
  174  10:40  Missile Turret  
  174  10:42  Missile Turret  
  177  10:43  Missile Turret  
  177  10:46  SCV  
  177  10:47  Missile Turret x3, Marauder  
  177  10:49  Marauder  
  182  10:52  Missile Turret  
  182  10:53  Missile Turret  
  182  10:54  Missile Turret  
  182  10:55  Missile Turret  
  182  10:57  Missile Turret x2  
  182  10:59  Marine x4  
  182  11:00  Marine  
  187  11:08  Marauder  
  189  11:16  SCV  
  189  11:17  Marine x2, SCV  
  189  11:18  Medivac, Marauder  
  195  11:19  Medivac  
  199  11:40  Marine  
  199  11:43  Command Center  
Show
View Real Time Build Order
Export as new Build Order

firefly Zerg 

Build Orders: Hatch First 

Get SALT Encoding   

  12  0:01  Drone  
  13  0:10  Drone  
  14  0:19  Overlord  
  14  0:38  Drone x3  
  17  0:56  Drone  
  18  0:57  Hatchery  
  18  1:02  Extractor  
  16  1:13  Spawning Pool  
  16  1:15  Drone  
  16  1:21  Drone  
  16  1:22  Drone  
  18  1:32  Drone  
  19  1:48  Overlord  
  19  1:54  Drone  
  19  2:00  Queen  
  22  2:04  Metabolic Boost  
  22  2:06  Zergling x2  
  23  2:09  Queen  
  23  2:14  Zergling x2  
  26  2:16  Drone  
  26  2:22  Drone  
  28  2:44  Drone x3  
  28  2:45  Drone  
  28  2:49  Queen  
  34  2:54  Queen  
  36  3:02  Extractor  
  35  3:06  Extractor  
  34  3:20  Hatchery  
  34  3:25  Drone x3  
  36  3:33  Overlord  
  36  3:34  Overlord  
  36  3:59  Drone x2  
  36  4:00  Drone x2  
  36  4:01  Drone x3  
  36  4:02  Drone x2  
  45  4:10  Baneling Nest  
  44  4:41  Drone x3  
  44  4:42  Drone  
  44  4:45  Lair  
  48  4:59  Zergling x10  
  54  5:00  Zergling x4  
  54  5:03  Zergling x6  
  54  5:05  Overlord x2  
  58  5:18  Evolution Chamber x2  
  56  5:26  Drone x4  
  56  5:27  Drone x4  
  64  6:26  Zerg Ground Armor Level 1, Zerg Missile Weapons Level 1  
  64  6:37  Drone x2  
  64  6:38  Drone x7  
  71  7:09  Baneling x4  
  71  7:10  Baneling x3  
  71  7:13  Burrow, Extractor  
  70  7:16  Extractor  
  70  7:18  Centrifical Hooks  
  69  7:23  Roach Warren, Drone x3  
  69  7:27  Overlord x3  
  71  7:30  Overseer  
  71  7:54  Zergling x10  
  71  7:55  Zergling x4  
  78  8:26  Pneumatized Carapace  
  78  8:30  Infestation Pit, Glial Reconstitution  
  77  8:35  Extractor  
  77  8:37  Zerg Ground Armor Level 2  
  77  8:38  Zerg Melee Weapons Level 1  
  76  9:03  Hatchery  
  76  9:08  Hatchery  
  74  9:16  Roach x5  
  74  9:17  Roach x4  
  90  9:21  Hydralisk Den  
  90  9:24  Hive  
  91  9:38  Baneling x5  
  85  10:49  Viper x2  
  91  10:53  Adrenal Glands  
  91  10:56  Grooved Spines  
  93  11:18  Drone x4  
  93  11:19  Drone x4, Overlord x2  
  93  11:20  Overlord x5  
  99  11:37  Zergling x6  
  99  11:38  Zergling x18  
  99  11:39  Zergling x10  
  116  11:40  Baneling  
  116  11:41  Baneling x7  
  116  11:42  Baneling x6  
  116  11:51  Roach x5, Zergling x2  
  127  12:03  Baneling x4  
  127  12:04  Baneling x5  
Tags
 
Add a new tag
Caveats
  • Supply blocks, unpowered buildings, or Contaminate may cause inaccurate times.
  • Supply counts are checked every 10 seconds.